 Dungeon Crawl Stone Soup version 0.25.1-2-g60ff931df9 (webtiles) character file.

Game seed: 1369447078534650554

224 Descartes the Sneak (level 6, -1/36 HPs)
             Began as an Octopode Enchanter on Aug 5, 2020.
             Slain by a gnoll
             ... wielding a +0 flail
              (16 damage)
             ... on level 4 of the Dungeon.
             The game lasted 00:06:39 (4473 turns).

Descartes the Sneak (Octopode Enchanter)            Turns: 4473, Time: 00:06:39

Health: -1/36      AC:  1    Str: 10    XL:     6   Next: 0%
Magic:  9/9        EV: 14    Int: 17    God:
Gold:   175        SH:  0    Dex: 12    Spells: 8/9 levels left

rFire    . . .     SeeInvis .   a - +1 dagger (drain)
rCold    + . .     Gourm    .   (no shield)
rNeg     . . .     Faith    .   (helmet restricted)
rPois    .         Spirit   .   (no amulet)
rElec    .         Reflect  .   p - ring of protection from magic
rCorr    .         Harm     .   n - ring of protection from cold
MR       +....                  (no ring)
Stlth    ++++......             (no ring)
HPRegen  0.12/turn              (no ring)
MPRegen  0.11/turn              (no ring)
                                (no ring)
                                (no ring)

@: no status effects
A: almost no armour, stealthy swim, amphibious, 8 rings, constrict 8, camouflage
1, gelatinous body 1
a: no special abilities


You were on level 4 of the Dungeon.
You were not hungry.

You visited 1 branch of the dungeon, and saw 4 of its levels.

You collected 175 gold pieces.

Inventory:

Hand Weapons
 a - a +1 dagger of draining (weapon)
 b - a +0 hunting sling
Missiles
 e - 74 stones
 j - 4 boomerangs (quivered)
Jewellery
 n - a ring of protection from cold (right tentacle)
 p - a ring of protection from magic (left tentacle)
Scrolls
 f - a scroll of enchant weapon {unknown}
 i - a scroll of teleportation {unknown}
 m - 2 scrolls of noise {unknown}
 o - 2 scrolls of remove curse {unknown}
 r - 2 scrolls of identify
Potions
 d - 2 potions of flight
 g - a potion of curing {unknown}
 h - 2 potions of invisibility
 k - 3 potions of might
 l - 2 potions of heal wounds {unknown}
Comestibles
 c - 6 rations
 q - 3 chunks of flesh


   Skills:
 + Level 3.3 Short Blades
 + Level 3.9 Dodging
 - Level 6.0 Stealth
 - Level 2.0 Spellcasting
 - Level 3.0 Hexes


You had 8 spell levels left.
You knew the following spells:

 Your Spells              Type           Power        Failure   Level  Hunger
a - Corona                Hex            ##.....      5%          1    #......

Your spell library contained the following spells:

 Spells                   Type           Power        Failure   Level  Hunger
 Ensorcelled Hibernation  Hex/Ice        #.....       16%         2    ###....
 Confusing Touch          Hex            ##......     17%         3    ###....
 Tukima's Dance           Hex            ##......     17%         3    ###....
 Dazzling Flash           Conj/Hex       #.....       30%         3    ###....


Dungeon Overview and Level Annotations

Branches:
Dungeon (4/15)
 Temple: D:4-7

Altars:
Makhleb
Vehumet
Xom


Innate Abilities, Weirdness & Mutations

You cannot wear most types of armour.
You are very stealthy in the water. (Stealth+)
You are amphibious.
You can wear up to eight rings at the same time.
You can use your tentacles to constrict eight enemies at once.
Your skin changes colour to match your surroundings (Stealth+).
Your rubbery body absorbs attacks. (AC +1, EV +1)


Message History

You see here a hound skeleton.
There is a stone staircase leading up here.
The gnoll closely misses you.
You hit the gnoll. You drain the gnoll. You grab the gnoll.
The gnoll is severely wounded.
You constrict the gnoll. The gnoll misses you. The gnoll barely misses you.
You hit the gnoll.
You kill the gnoll!
You have reached level 6!
Your experience leads to an increase in your attributes!
Increase (S)trength, (I)ntelligence, or (D)exterity?
You feel stronger. The gnoll hits you with a +0 whip!
The gnoll hits you with a +0 flail. The gnoll hits you with a +0 whip.
There is a stone staircase leading up, spattered with blood here.
You see here a +0 halberd.
You barely miss the gnoll. Your grab misses the gnoll.
The gnoll hits you with a +0 whip! The gnoll hits you with a +0 flail!
You die...

###########
#@g........
##g##.......
#.รท##.......
##.###.#........
...$............#
###..............
.....####....#.#.
..... .......
.... ......#


You could see 2 gnolls.

Vanquished Creatures
  A hound (D:4)
  An orc priest (D:3)
  An orc wizard (D:2)
  2 adders (D:2)
  A gnoll (D:4)
  4 worms
  3 dart slugs
  5 leopard geckos
  9 orcs
  A ball python (D:1)
  3 giant cockroaches (D:3)
  7 goblins
  10 hobgoblins
  3 jackals (D:3)
  8 kobolds
  A quokka (D:3)
  8 bats
  6 frilled lizards
  5 rats
79 creatures vanquished.

Notes
Turn   | Place    | Note
-------+----------+-------------------------------------------
     0 | D:1      | Descartes the Octopode Enchanter began the quest for the
                  | Orb.
     0 | D:1      | Reached XP level 1. HP: 11/11 MP: 3/3
   116 | D:1      | Reached XP level 2. HP: 16/17 MP: 5/5
   180 | D:1      | Reached skill level 5 in Stealth
   877 | D:2      | Found a radiant altar of Vehumet.
   882 | D:2      | Reached XP level 3. HP: 21/21 MP: 6/6
  1172 | D:2      | Found a faded altar of an unknown god.
  1175 | D:2      | Reached skill level 6 in Stealth
  1247 | D:2      | Found a burning altar of Makhleb.
  1247 | D:2      | Noticed a balrug
  1251 | D:2      | Noticed an orange demon
  1251 | D:2      | Noticed a ynoxinul
  1878 | D:2      | Reached XP level 4. HP: 27/27 MP: 7/7
  2781 | D:3      | Reached XP level 5. HP: 25/31 MP: 8/8
  3220 | D:3      | Found a shimmering altar of Xom.
  4470 | D:4      | Reached XP level 6. HP: 36/36 MP: 9/9
  4473 | D:4      | Slain by a gnoll

Illustrated notes

Levels and vault maps discovered:
D:1:      nzn_arrival_depleted_hourglass, layout_rooms,
          corexii_item_surrounded_by_moat, minmay_fountain_box
D:2:      layout_basic, vehumet_crystals, chequers_ecumenical_altar_simple,
          makhleb_altar_promises_db
D:3:      layout_loops_ring, lemuel_round_altar, first_ration,
          minmay_fractal_squares_diagonal_5
D:4:      layout_basic, old_standard_altar, serial_rivers,
          chequers_serial_rivers_large_a, chequers_serial_rivers_small_3,
          chequers_serial_rivers_room_a, chequers_serial_rivers_small_3,
          kennysheep_dice

Skill      XL: |  1  2  3  4  5 |
---------------+----------------+-----
Stealth        | 5 6 |  6.0
Short Blades   | 2 3 |  3.3
Dodging        | 3 |  3.9
Spellcasting   | |  2.0
Hexes          | |  3.0

Action                   |  1- 3 |  4- 6 || total
-------------------------+-------+-------++-------
Melee: Dagger            |    59 |    97 ||   156
       Constrict         |    12 |    24 ||    36
       Tentacles         |     9 |    12 ||    21
  Use: Scroll            |       |     3 ||     3
 Stab: Sleeping          |    17 |     9 ||    26
  Eat: Chunk             |     2 |     9 ||    11
Armor: Skin              |     5 |     3 ||     8
Dodge: Dodged            |    20 |    56 ||    76
